 Dungeon Crawl Stone Soup version 0.28-a0-1235-g7c8fac35f0 (webtiles) character file.

Game seed: 1333179881928015514

71901 ChaosChampion the Transmogrifier (level 15, -3/148 (153) HPs)
             Began as an Octopode Transmuter on Dec 25, 2021.
             Was a High Priest of Okawaru.
             Slain by Saint Roka (32 damage)
             ... in the Arena.
             The game lasted 01:00:41 (25735 turns).

ChaosChampion the Transmogrifier (OpTm)            Turns: 25735, Time: 01:00:42

HP:   -3/148 (153)  AC: 14    Str:  9      XL:     15   Next: 38%
MP:   0/27          EV: 13    Int: 23      God:    Okawaru [*****.]
Gold: 2081          SH:  0    Dex: 11 (13) Spells: 13/30 levels left

rFire   x . .      SeeInvis .     - Unarmed
rCold   + + +      Faith    .   (shield currently unavailable)
rNeg    . . .      Spirit   .   (helmet currently unavailable)
rPois   +          Reflect  .   n - amulet of Vitality {Regen+ HP+15}
rElec   .          Harm     .   f - ring of willpower
rCorr   .          Rampage  .   e - +4 ring of protection
Will    ++...                   b - ring of protection from cold
Stlth   ++++......              (no ring)
HPRegen 1.14/turn               (no ring)
MPRegen 0.20/turn               (no ring)
                                (no ring)
                                (no ring)

@: ice-form, wereblooded, studying Evocations, lightly drained, invisible,
duelling
A: freezing attack, boosted hp, almost no armour, amphibious, 8 rings, large,
(camouflage 1), (gelatinous body 1), (nimble swimmer 1), (tentacles),
deterioration 1, (fire resistance 1), (poison resistance), robust 1, subdued
magic 1, devolution 1
a: End Transformation, Renounce Religion, Heroism, Finesse, Duel


You were in the Arena.
You worshipped Okawaru.
Okawaru was extremely pleased with you.
You were a creature of crystalline ice.
You visited 4 branches of the dungeon, and saw 22 of its levels.
You also visited: Ice Cave.

You collected 2221 gold pieces.
You spent 140 gold pieces at shops.

Inventory:

Armour
 m - a +1 buckler of reflection
 o - a +2 hat of stealth (melded)
 E - the +1 hat of the Pit {Str+3 Int+5}
   (Okawaru gifted it to you on level 2 of the Lair of Beasts)

   Str:       It affects your strength (+3).
   Int:       It affects your intelligence (+5).
Magical Staves
 C - a staff of poison (melded)
 D - a staff of earth
Jewellery
 b - a ring of protection from cold (on tentacle)
 e - a +4 ring of protection (right front paw)
 f - a ring of willpower (left front paw)
 k - an amulet of the acrobat
 n - the amulet of Vitality (around neck) {Regen+ HP+15}
   (You found it on level 4 of the Dungeon)

   [amulet of regeneration]

   HP:        It affects your health (+15).
   Regen:     It increases your rate of health regeneration.
Wands
 i - a wand of acid (18)
 j - a wand of iceblast (18) (quivered)
 l - a wand of paralysis (10)
 s - a wand of mindburst (11)
 A - a wand of flame (12)
 J - a wand of digging (5)
Scrolls
 a - a scroll of teleportation
 c - 11 scrolls of identify
 p - a scroll of fear
 u - 2 scrolls of silence
 y - a scroll of enchant weapon {unknown}
 z - 2 scrolls of magic mapping
Potions
 d - 2 potions of haste
 g - a potion of might {unknown}
 h - 2 potions of flight
 r - 9 potions of curing
 t - a potion of cancellation
 v - 3 potions of brilliance
 F - a potion of berserk rage {unknown}
 G - 10 potions of ambrosia
 H - 2 potions of magic {unknown}
 I - a potion of resistance {unknown}


   Skills:
 - Level 10.0 Fighting
 - Level 10.0 Dodging
 - Level 9.0 Stealth
 - Level 12.0 Unarmed Combat
 + Level 8.0 Spellcasting
 + Level 12.3 Transmutations
 - Level 9.0 Ice Magic
 - Level 6.0 Poison Magic
 - Level 9.0 Invocations


You had 13 spell levels left.
You knew the following spells:

 Your Spells              Type           Power      Damage    Failure   Level
a - Eringya's Noxious Bo  Tmut/Pois      19%        N/A       21%         6
b - Wereblood             Tmut           50%        N/A       1%          2
c - Spider Form           Tmut/Pois      39%        N/A       1%          3
d - Ice Form              Ice/Tmut       44%        N/A       1%          4
e - Passwall              Tmut/Erth      23%        N/A       1%          2

Your spell library contained the following spells:

 Spells                   Type           Power      Damage    Failure   Level
 Beastly Appendage        Tmut           100%       N/A       1%          1
 Alistair's Intoxication  Tmut/Pois      26%        N/A       3%          5
 Apportation              Tloc           14%        N/A       5%          1
 Shock                    Conj/Air       28%        1d4       5%          1
 Swiftness                Air            7%         N/A       17%         3
 Airstrike                Air            3%         N/A       52%         4
 Fulminant Prism          Conj/Hex       3%         3d6       52%         4
 Iskenderun's Mystic Bla  Conj/Tloc      7%         2d4       52%         4
 Borgnjor's Vile Clutch   Necr/Erth      3%         N/A       86%         5
 Lee's Rapid Deconstruct  Erth           3%         3d6*      86%         5
 Lightning Bolt           Conj/Air       3%         1d15      86%         5
 Summon Small Mammal      Summ           Unusable   N/A       N/A         1
 Call Canine Familiar     Summ           Unusable   N/A       N/A         3
 Summon Guardian Golem    Hex/Summ       Unusable   N/A       N/A         3
 Summon Lightning Spire   Summ/Air       Unusable   N/A       N/A         4

Dungeon Overview and Level Annotations

Branches:
Dungeon (13/15)            Temple (1/1) D:6            Lair (6/6) D:10
 Shoals (0/4) Lair:2        Snake (0/4) Lair:3        Slime (0/5) Lair:5
    Orc (2/2) D:9             Elf (0/3) Orc:2         IceCv (visited)
 Vaults: D:13-14

Altars:
Ashenzari
Cheibriados
Dithmenos
Elyvilon
Fedhas
Gozag
Hepliaklqana
Kikubaaqudgha
Makhleb
Nemelex Xobeh
Okawaru
Qazlal
Ru
Sif Muna
Trog
Uskayaw
Vehumet
Wu Jian
Xom
Yredelemnul
Zin
The Shining One
Beogh
Jiyva

Shops:
D:4 ?   D:7 *   D:9 (   D:10 [[

Annotations:
Arena Saint Roka


Innate Abilities, Weirdness & Mutations

You are a creature of crystalline ice.
You have a powerful freezing melee attack.
Your maximum health is increased.
Your armour is entirely melded.
You are incapable of wielding weapons or throwing items.
You cannot wear most types of armour.
You are amphibious.
You can wear up to eight rings at the same time.
((Your skin changes colour to match your surroundings (Stealth+).))
((Your rubbery body absorbs attacks. (AC +1, EV +1)))
((You are camouflaged when in or above water. (Stealth+)))
((You have tentacles for arms and can constrict up to eight enemies at once.))
Your body sometimes deteriorates upon taking damage.
((Your flesh is heat resistant. (rF+)))
((Your system is resistant to poisons. (rPois)))
You are robust. (+10% HP)
Your spells are a little easier to cast, but a little less powerful.
You have hidden genetic defects.


Message History

You enter Okawaru's Arena!
The spectator shouts!
Saint Roka unwields a +4 arbalest of flaming.
It stops flaming.
Saint Roka wields a +1 antimagic long sword.
Saint Roka hits you with a +1 antimagic long sword!
You feel your power leaking away.
Found a gate leading back out of this place.
There is an empty arch of ancient stone here.
The spectator shouts! x6
You pummel Saint Roka!! You freeze Saint Roka.
Saint Roka is lightly wounded.
You hit Saint Roka but do no damage.
Saint Roka is lightly wounded.
Saint Roka invokes the aid of Beogh against you.
Beogh smites you!
Your body deteriorates!
You feel clumsy.
You punch Saint Roka! You freeze Saint Roka.
Saint Roka is lightly wounded.
Saint Roka hits you but does no damage.
You hit Saint Roka but do no damage.
Saint Roka is lightly wounded.
Saint Roka mumbles some strange prayers to Beogh against you.
Beogh smites you!
You hit Saint Roka. You freeze Saint Roka.
Saint Roka is lightly wounded.
Saint Roka hits you with a +1 antimagic long sword!!
Your body deteriorates!
You feel clumsy.
You feel your power leaking away.
You are too injured to fight recklessly!
You hit Saint Roka. You freeze Saint Roka.
Saint Roka is lightly wounded.
You hit Saint Roka. You freeze Saint Roka.
Saint Roka is moderately wounded.
Saint Roka hits you with a +1 antimagic long sword!!
* * * LOW HITPOINT WARNING * * *
You feel your power leaking away.
You fade into invisibility!
Saint Roka hits you with a +1 antimagic long sword!!
You die...
Okawaru crowns Saint Roka victorious!

#########
#.▓...▓.#
#.▓.8.▓p#
#.▓...▓▓#
#.▓...▓.#
#p▓...▓p#
#p▓...▓▓#
#▓▓.Y.▓∩#
#p▓.o.▓▓#
#p▓...▓p#
#.▓...▓.#
#.▓...▓▓#
#.▓.8.▓p#
#.▓...▓.#
#########


You could see Saint Roka.

Vanquished Creatures
  Gastronok (D:11)
  An orc warlord (Orc:2)
  A reaper (IceCv)
  Nessos (D:12)
  11 hydras
  3 boulder beetles
  3 centaur warriors
  A catoblepas (Lair:2)
  The ghost of MacCMillion the Destroyer, a journeyman GrEE of Vehumet (Lair:2)
  5 two-headed ogres
  2 death yaks
  An orc high priest (Orc:2)
  Sonja (Lair:1)
  2 orc knights (Orc:2)
  Pikel (D:5)
  2 ugly things (D:8)
  A deep elf pyromancer (D:10)
  A cyclops (D:12)
  The ghost of Lavandula the Ruffian, a novice FoTm (D:6)
  4 manticores
  Joseph (D:9)
  An ice statue (IceCv)
  A torpor snail (Lair:2)
  Maurice (D:12)
  5 elephants (Lair:5)
  7 black mambas
  4 gargoyles
  16 cane toads
  Maggie (Lair:1)
  2 rime drakes
  2 kobold demonologists
  16 komodo dragons
  3 entropy weaver simulacra (IceCv)
  3 freezing wraiths
  2 queen bees
  A wind drake (Lair:2)
  5 trolls
  The ghost of Finguili the Poker, an amateur DgWn (D:6)
  3 meliai (Lair:4)
  2 hornets (Lair:2)
  A tyrant leech (Lair:6)
  30 blink frogs
  8 slime creatures
  A vampire (D:9)
  27 yaks
  A shadow (D:11)
  A wraith (D:13)
  4 wyverns
  A dire elephant simulacrum (IceCv)
  5 basilisks
  6 steam dragons
  5 death yak simulacra (IceCv)
  Menkaure (D:5)
  3 harpy simulacra (IceCv)
  11 vampire mosquitoes
  2 wargs (Orc:2)
  An acid dragon (D:11)
  21 water moccasins
  A black bear (D:7)
  2 sky beasts
  3 ice beasts
  13 orc warriors
  2 wolves (D:10)
  2 necrophages (D:8)
  5 ogres
  2 lemures
  5 centaurs
  7 kobold brigands
  22 bullfrogs
  2 scorpions
  2 gnoll sergeants (D:8)
  8 two-headed ogre simulacra (IceCv)
  2 elephant simulacra (IceCv)
  3 water moccasin skeletons
  8 wights
  33 killer bees
  7 howler monkeys
  9 electric eels
  2 jellies
  8 orc priests
  2 centaur zombies
  6 hounds (D:10)
  A bullfrog skeleton (D:8)
  3 gnoll shamans
  A centaur skeleton (D:4)
  14 iguanas
  14 orc wizards
  3 polar bear simulacra (IceCv)
  8 spriggan simulacra
  2 troll simulacra (IceCv)
  4 wolf simulacra (IceCv)
  A killer bee zombie (D:8)
  17 gnolls
  2 howler monkey zombies
  8 naga simulacra (IceCv)
  8 adders
  2 shadow imps
  7 white imps
  5 ufetubi
  3 dart slugs
  62 orcs
  9 bats
  6 endoplasms
  2 giant cockroaches
  5 goblins
  5 hobgoblins
  2 jackals
  3 quokkas
  7 ball pythons
  18 frilled lizards
  23 kobolds
  6 rats
657 creatures vanquished.

Vanquished Creatures (others)
  A hydra (Lair:6)
  4 death yaks
  A goliath frog (Lair:6)
  2 orc knights (Orc:2)
  6 orc sorcerers
  A cyclops (Orc:2)
  5 cane toads (Lair:6)
  3 komodo dragons (Lair:6)
  2 tyrant leeches (Lair:6)
  2 trolls
  20 blink frogs
  5 yaks
  15 orc warriors
  2 ogres (Orc:1)
  3 bullfrogs (Lair:6)
  7 orc priests
  2 iguanas (D:10)
  11 orc wizards
  25 orcs
  2 frilled lizards (D:10)
  3 bushes
  27 fungi
  139 plants
288 creatures vanquished.

Grand Total: 945 creatures vanquished

Notes
Turn   | Place    | Note
-------+----------+-------------------------------------------
     0 | D:1      | ChaosChampion the Octopode Transmuter began the quest for
                  | the Orb.
     0 | D:1      | Reached XP level 1. HP: 13/13 MP: 3/3
   245 | D:1      | Reached XP level 2. HP: 18/18 MP: 5/5
   974 | D:1      | Reached XP level 3. HP: 18/23 MP: 6/6
  1133 | D:1      | Learned a level 2 spell: Wereblood
  1137 | D:1      | Learned a level 3 spell: Spider Form
  1201 | D:2      | Found a faded altar of an unknown god.
  1240 | D:2      | Found a shimmering blue altar of Sif Muna.
  1292 | D:2      | Reached XP level 4. HP: 18/28 MP: 1/7
  1749 | D:2      | Reached XP level 5. HP: 33/33 MP: 2/8
  2253 | D:2      | Reached skill level 5 in Unarmed Combat
  2330 | D:3      | Reached XP level 6. HP: 36/38 MP: 4/9
  3342 | D:4      | Found a stormy altar of Qazlal.
  3342 | D:4      | Found the amulet of Vitality {Regen+ HP+15}
  3888 | D:4      | Found Taklecuo's Magic Scroll Shoppe.
  3896 | D:4      | Bought 2 scrolls of identify for 40 gold pieces
  3896 | D:4      | Bought a scroll of identify for 20 gold pieces
  3896 | D:4      | Bought a scroll of identify for 20 gold pieces
  3896 | D:4      | Bought a scroll of identify for 20 gold pieces
  3896 | D:4      | Bought a scroll of identify for 20 gold pieces
  3896 | D:4      | Bought a scroll of identify for 20 gold pieces
  3902 | D:4      | Gained mutation: Your flesh is cold resistant. (rC+)
                  | [potion of mutation]
  3902 | D:4      | Gained mutation: You are agile. (Dex +2) [potion of
                  | mutation]
  3902 | D:4      | Gained mutation: Your flesh is heat resistant. (rF+)
                  | [potion of mutation]
  3918 | D:4      | Reached XP level 7. HP: 43/43 MP: 6/10
  4073 | D:5      | Entered Level 5 of the Dungeon
  4131 | D:4      | Learned a level 4 spell: Ice Form
  4552 | D:5      | Noticed Pikel
  4584 | D:5      | Killed Pikel
  4585 | D:5      | Reached skill level 5 in Transmutations
  4585 | D:5      | Reached skill level 1 in Ice Magic
  4585 | D:5      | Reached XP level 8. HP: 42/50 MP: 9/12
  4673 | D:5      | Noticed Menkaure
  4764 | D:5      | Killed Menkaure
  4891 | D:5      | Found a glowing silver altar of Zin.
  5282 | D:6      | Found a runed translucent gate.
  5285 | D:6      | Found a runed translucent gate.
  5285 | D:6      | Found a runed translucent gate.
  5376 | D:6      | Noticed Finguili's ghost (amateur DgWn)
  5376 | D:6      | Noticed Lavandula's ghost (novice FoTm)
  5391 | D:6      | Killed Finguili's ghost
  5392 | D:6      | Reached XP level 9. HP: 57/57 MP: 9/14
  5400 | D:6      | Killed Lavandula's ghost
  5775 | D:6      | Found a staircase to the Ecumenical Temple.
  5803 | Temple   | Entered the Ecumenical Temple
  6040 | Temple   | Became a worshipper of Warmaster Okawaru
  6183 | D:6      | Found a basalt altar of Yredelemnul.
  6803 | D:7      | Reached * piety under Okawaru
  6804 | D:7      | Reached XP level 10. HP: 65/65 MP: 11/16
  6927 | D:7      | Found Woezuata's Gadget Gallery.
  6953 | D:7      | Reached skill level 5 in Dodging
  7533 | D:8      | Reached skill level 5 in Fighting
  7573 | D:8      | Reached skill level 5 in Spellcasting
  7574 | D:8      | Noticed a two-headed ogre
  7576 | D:8      | Noticed a green ugly thing
  7578 | D:8      | Killed a two-headed ogre
  7578 | D:8      | Reached ** piety under Okawaru
  7579 | D:8      | Reached skill level 5 in Ice Magic
  7617 | D:8      | Killed a green ugly thing
  7748 | D:8      | Reached skill level 1 in Invocations
  7791 | D:8      | Found a broken altar of Ashenzari.
  7800 | D:8      | Found a bloodstained altar of Trog.
  8081 | D:8      | Noticed a two-headed ogre
  8088 | D:8      | Killed a two-headed ogre
  8096 | D:8      | Reached XP level 11. HP: 57/72 MP: 13/18
  8252 | D:8      | Reached *** piety under Okawaru
  8262 | D:8      | Noticed a white ugly thing
  8334 | D:8      | Killed a white ugly thing
  8462 | D:8      | Noticed an eight-headed hydra
  8726 | D:8      | Noticed a six-headed hydra
  8739 | D:8      | Killed a six-headed hydra
  8739 | D:8      | Reached **** piety under Okawaru
  8762 | D:8      | Noticed a centaur warrior
  8937 | D:8      | Noticed a boulder beetle
  8959 | D:8      | Killed a boulder beetle
  8960 | D:8      | Reached skill level 5 in Invocations
  9121 | D:8      | Killed a centaur warrior
  9121 | D:8      | Reached ***** piety under Okawaru
  9144 | D:8      | Killed an eight-headed hydra
  9144 | D:8      | Received a gift from Okawaru
  9519 | D:9      | Learned a level 2 spell: Passwall
  9564 | D:9      | Noticed a two-headed ogre
  9927 | D:9      | Noticed Joseph
  9935 | D:9      | Reached skill level 1 in Stealth
 10161 | D:9      | Killed Joseph
 10404 | D:9      | Reached XP level 12. HP: 81/81 MP: 12/19
 10678 | D:9      | Killed a two-headed ogre
 10679 | D:9      | Reached skill level 10 in Unarmed Combat
 10870 | D:9      | Found a staircase to the Orcish Mines.
 10974 | D:9      | Found Nosul's Antique Weapon Shop.
 11172 | D:10     | Entered Level 10 of the Dungeon
 11264 | D:10     | Found Yjagh's Antique Armour Boutique.
 11374 | D:10     | Found a staircase to the Lair.
 11428 | D:10     | Learned a level 6 spell: Eringya's Noxious Bog
 11431 | D:10     | Received a gift from Okawaru
 11466 | D:10     | Found a sacrificial altar of Ru.
 11719 | D:10     | Noticed a centaur warrior
 11740 | D:10     | Killed a centaur warrior
 11741 | D:10     | Reached skill level 1 in Poison Magic
 12144 | D:10     | Found Siegfried's Dragon-Slaying Spoils.
 12362 | D:10     | Reached skill level 5 in Stealth
 12532 | D:11     | Noticed Gastronok
 12624 | D:11     | Noticed a boulder beetle
 12628 | D:11     | Found a frozen archway.
 12644 | D:11     | Killed a boulder beetle
 12660 | IceCv    | Entered an ice cave
 13374 | IceCv    | Noticed a reaper
 13501 | IceCv    | Reached XP level 13. HP: 89/89 MP: 15/20
 13510 | IceCv    | Killed a reaper
 14031 | D:11     | Killed Gastronok
 14032 | D:11     | Reached skill level 10 in Transmutations
 14545 | D:12     | Received a gift from Okawaru
 14843 | D:12     | Found a blossoming altar of Fedhas.
 14973 | D:12     | Reached skill level 5 in Poison Magic
 14974 | D:12     | Noticed Maurice
 15006 | D:12     | Killed Maurice
 15229 | D:12     | Noticed Nessos
 15249 | D:12     | Killed Nessos
 15249 | D:12     | Reached ****** piety under Okawaru
 15777 | Lair:1   | Entered Level 1 of the Lair of Beasts
 15777 | Lair:1   | Noticed Maggie
 15784 | Lair:1   | Received a gift from Okawaru
 15802 | Lair:1   | Killed Maggie
 16398 | Lair:1   | Noticed Sonja
 16407 | Lair:1   | Killed Sonja
 16569 | Lair:1   | Reached XP level 14. HP: 97/97 MP: 15/21
 17281 | Lair:2   | Found a staircase to the Shoals.
 17533 | Lair:2   | Found a transporter.
 17570 | Lair:2   | Found a transporter.
 17571 | Lair:2   | Noticed MacCMillion's ghost (journeyman GrEE)
 17761 | Lair:2   | Identified the +1 hat of the Pit {Str+3 Int+5} (Okawaru
                  | gifted it to you on level 2 of the Lair of Beasts)
 17761 | Lair:2   | Received a gift from Okawaru
 18262 | Lair:2   | Killed MacCMillion's ghost
 18972 | Lair:3   | Found a staircase to the Snake Pit.
 19650 | Lair:4   | Reached skill level 10 in Fighting
 20108 | Lair:4   | Identified the +1 battleaxe of Bofaeh {vorpal, rPois}
 20316 | Lair:5   | Reached skill level 10 in Dodging
 20755 | Lair:5   | Identified the +8 hand axe of Aruuxiqorch {pain, *Noise rF+
                  | rC+} (Okawaru gifted it to you on level 5 of the Lair of
                  | Beasts)
 20755 | Lair:5   | Received a gift from Okawaru
 20940 | Lair:5   | Reached XP level 15. HP: 103/103 MP: 21/24
 21290 | Lair:5   | Found a viscous altar of Jiyva.
 21291 | Lair:5   | Found a staircase to the Slime Pits.
 21541 | Lair:6   | Entered Level 6 of the Lair of Beasts
 22244 | Lair:6   | Received a gift from Okawaru
 23547 | Orc:1    | Entered Level 1 of the Orcish Mines
 24508 | Orc:2    | Entered Level 2 of the Orcish Mines
 24801 | Orc:2    | Noticed Saint Roka
 24828 | Orc:2    | Noticed an orc warlord
 25331 | Orc:2    | Gained mutation: Your magical capacity is low. (-10% MP)
                  | [mutagenic glow]
 25356 | Orc:2    | Gained mutation: Your body sometimes deteriorates upon
                  | taking damage. [mutagenic glow]
 25427 | Orc:1    | Lost mutation: Your flesh is cold resistant. (rC+) [potion
                  | of mutation]
 25427 | Orc:1    | Lost mutation: Your magical capacity is low. (-10% MP)
                  | [potion of mutation]
 25427 | Orc:1    | Gained mutation: You have hidden genetic defects. [potion
                  | of mutation]
 25427 | Orc:1    | Gained mutation: You possess an exceptional clarity of
                  | mind. [potion of mutation]
 25428 | Orc:1    | Lost mutation: You possess an exceptional clarity of mind.
                  | [potion of mutation]
 25428 | Orc:1    | Lost mutation: You are agile. (Dex +2) [potion of mutation]
 25428 | Orc:1    | Gained mutation: Your spells are a little easier to cast,
                  | but a little less powerful. [potion of mutation]
 25428 | Orc:1    | Gained mutation: You are robust. (+10% HP) [potion of
                  | mutation]
 25428 | Orc:1    | Gained mutation: Your system is resistant to poisons.
                  | (rPois) [potion of mutation]
 25447 | Orc:2    | Killed an orc warlord
 25507 | Orc:2    | Found a staircase to the Elven Halls.
 25727 | Arena    | Entered the Arena
 25735 | Arena    | Slain by Saint Roka

Illustrated notes

Levels and vault maps discovered:
D:1:      minmay_arrival_four_circles, layout_basic, corexii_hall_statues_i
D:2:      layout_basic, basic_altar, ebering_ecumenical_altar_abandoned
D:3:      layout_basic, serial_bayou, serial_bayou_pond_e, serial_bayou_pond_e,
          serial_bayou_pond_e, serial_bayou_pond_b
D:4:      layout_loops_cross, mainiacjoe_overflow_surrounded_room, serial_shops,
          shop_scrolls, chequers_serial_rivers_micro_a, hangedman_decor_lopped,
          kennysheep_generic_room_7
D:5:      layout_rooms, kennysheep_mini, uniq_menkaure, uniq_pikel
D:6:      layout_rooms, lemuel_crystal_altar, minmay_temple_entry_antechambers,
          gammafunk_ghost_cemetery
D:7:      layout_basic, roderic_filled_cross, nicolae_shop_gadgets
D:8:      nzn_winding_woodlands_large [nzn_winding_woodlands_5x5_checkerboard,
          nzn_winding_woodlands_5x15_pockets,
          nzn_winding_woodlands_5x5_perimeter,
          nzn_winding_woodlands_center_garden,
          nzn_winding_woodlands_15x15_five_gardens,
          nzn_winding_woodlands_center_pierced_h,
          nzn_winding_woodlands_5x5_three, nzn_winding_woodlands_5x15_cabin,
          nzn_winding_woodlands_5x5_cross], layout_loops_ring,
          mainiacjoe_overflow_large_starburst
D:9:      layout_roguey, david_orc_4, serial_shops, shop, serial_rivers,
          chequers_serial_rivers_micro_a, chequers_serial_rivers_micro_b,
          chequers_serial_rivers_large_a, chequers_serial_rivers_room_a,
          chequers_serial_rivers_micro_e, minmay_checkerbox, uniq_joseph
D:10:     lemuel_reptile_caves, layout_layer_cave, mainiacjoe_overflow_brackets,
          erik_lair_island, nicolae_shop_dragon_depot, nicolae_wooded_promenade,
          kennysheep_potato
D:11:     layout_irregular_city, portal_ice_cave_entry_ice_simulacra,
          uniq_gastronok
D:12:     layout_rooms, fedhas_ov_isle_minmay, uniq_nessos, uniq_maurice
D:13:     layout_cave_pools, david_vaults_1, lightli_minifort
Temple:   regret_index_temple_sphere_string
Lair:1:   layout_hall_layers, lemuel_fruit_tree, uniq_sonja, uniq_maggie
Lair:2:   layout_regular_city, minmay_shoals_entry_beasts, gammafunk_ghost_hive,
          minivault_11
Lair:3:   layout_loops_ring, minmay_snake_entry_six_corridors,
          beast_lair_carwin_3, infiniplex_staircase_pool
Lair:4:   layout_loops_ring, special_room [special_room_bee],
          nicolae_quartered_pool_impasse
Lair:5:   layout_gridlike, dpeg_slime_entry_enclosed_altar, beast_lair_carwin_5,
          serial_bayou_shore_a
Lair:6:   minmay_lair_end_frog_pond, layout_gridlike
Orc:1:    layout_caves
Orc:2:    grunt_orc_cross, layout_diamond_mine
Arena

Skill      XL: |  1  2  3  4  5  6  7  8  9 10 11 12 13 14 15 |
---------------+----------------------------------------------+-----
Unarmed Combat | 4 5 6 7 8 9 10 11 12 | 12.0
Transmutations | 3 4 5 6 7 8 9 10 11 12 | 12.3
Fighting       | 2 3 4 6 7 8 9 10 | 10.0
Ice Magic      | 1 2 4 5 6 7 8 9 |  9.0
Dodging        | 3 4 6 7 8 9 10 | 10.0
Spellcasting   | 3 4 5 6 8 |  8.0
Invocations    | 2 6 7 9 |  9.0
Stealth        | 2 6 7 9 |  9.0
Poison Magic   | 3 6 |  6.0

Action                   |  1- 3 |  4- 6 |  7- 9 | 10-12 | 13-15 || total
-------------------------+-------+-------+-------+-------+-------++-------
Melee: Unarmed           |    60 |   171 |   240 |   713 |  1006 ||  2190
       Constrict         |    14 |    19 |     9 |     8 |     5 ||    55
       Tentacles         |     8 |    12 |     7 |     4 |    12 ||    43
       Kick              |     5 |     1 |     2 |       |       ||     8
       Punch             |     3 |     6 |     3 |     3 |       ||    15
       Staff             |       |       |       |       |    24 ||    24
 Cast: Beastly Appendage |     5 |     3 |     2 |     1 |       ||    11
       Spider Form       |     1 |    14 |    22 |     7 |     3 ||    47
       Wereblood         |     1 |     9 |    10 |    50 |    75 ||   145
       Ice Form          |       |       |     5 |    64 |   106 ||   175
       Eringya's Noxious |       |       |       |       |    40 ||    40
Invok: Heroism           |       |       |       |       |     2 ||     2
       Finesse           |       |       |       |       |     2 ||     2
       Duel              |       |       |       |       |     1 ||     1
Evoke: Wand              |       |       |       |     7 |       ||     7
  Use: Scroll            |       |    10 |     2 |    12 |     6 ||    30
       Potion            |       |     1 |       |     4 |     8 ||    13
 Stab: Sleeping          |     2 |     4 |     2 |     4 |    12 ||    24
       Distracted        |     1 |       |     1 |     1 |     3 ||     6
Armor: Skin              |     4 |    26 |    22 |   214 |   379 ||   645
Dodge: Dodged            |    42 |   166 |   133 |   463 |   729 ||  1533

Table legend: (Time is in decaauts)
 A = Elapsed time spent in this place.
 B = Non-inter-level travel time spent in this place.
 C = Inter-level travel time spent in this place.
 D = Time resting spent in this place.
 E = Time spent auto-exploring this place.
 F = Levels seen in this place.
 G = Mean time per level.
                   A        B        C        D        E       F      G
               +--------+--------+--------+--------+--------+-----+--------+
         Total |  25393 |  24257 |   1136 |   1857 |  15749 |  24 | 1058.0 |
       Dungeon |  14685 |  13854 |    831 |   1160 |   8949 |  13 | 1129.6 |
        Temple |    247 |    247 |      0 |      0 |    160 |   1 |  247.0 |
          Lair |   7221 |   6917 |    304 |    242 |   5003 |   6 | 1203.5 |
  Orcish Mines |   2053 |   2053 |      0 |    329 |   1037 |   2 | 1026.5 |
      Ice Cave |   1179 |   1179 |      0 |    125 |    600 |   1 | 1179.0 |
         Arena |      6 |      6 |      0 |      0 |      0 |   1 |    6.0 |
               +--------+--------+--------+--------+--------+-----+--------+

Top non-repeatable levels by time:
     D:8: 2063 daAuts
     D:9: 1889 daAuts
  Lair:5: 1772 daAuts
    D:10: 1587 daAuts
  Lair:6: 1358 daAuts
  Lair:2: 1308 daAuts
     D:2: 1301 daAuts
     D:7: 1258 daAuts
     D:4: 1179 daAuts
   IceCv: 1179 daAuts
     D:1: 1154 daAuts
   Orc:1: 1091 daAuts
  Lair:1: 1081 daAuts
    D:12: 976 daAuts
   Orc:2: 961 daAuts
